Cogmind - Beta 9.1 @@@ ROGUE MODE // 2019.10.31 @ 15:00:08 // Halloween2019/Abominations Player: inSANE Result: Self-destructed Performance ------------- Evolutions (1) 500 Regions Visited (2) 400 Robots Destroyed (13) 65 Value Destroyed (555) 555 Prototype IDs (0) 0 Alien Tech Used (0) 0 Bonus (0) 0 TOTAL SCORE: 1520 Bonus ------- None Cogmind --------- Core Integrity 212/400 Matter 169/300 Energy 209/250 System Corruption 5% Temperature Cool (0) Location -9/Materials Parts ------- Power (1) Ion Engine Propulsion (2) Utility (3) Large Storage Unit High-capacity Storage Unit Weapon (3) Inventory (18) Large Storage Unit Small Laser Heavy Assault Rifle Welding Torch Mining Claw Peak State ------------ Power Improved Ion Engine Propulsion Wheel Wheel Utility Large Storage Unit High-capacity Storage Unit Weapon Medium Laser Assault Rifle Assault Rifle Inventory Ion Engine Wheel Large Storage Unit Small Laser Heavy Assault Rifle Rocket Launcher Welding Torch Mining Claw [Rating: 10] Favorites ----------- Power Light Ion Engine Engine Light Ion Engine Propulsion Light Treads Treads Light Treads Wheel Compact Wheel Utility High-capacity Storage Unit Device Heat Sink Storage High-capacity Storage Unit Weapon Assault Rifle Energy Gun Medium Laser Ballistic Gun Assault Rifle Launcher Rocket Launcher Build | -11 -10 -9 ------- Run | Scr Mat Mat Slots Evolved 2 | . . 2 Power . | . . . Propulsion . | . . . Utility 1 | . . 1 Weapon 1 | . . 1 Parts Attached 21 | 6 4 11 Power 3 | 1 . 2 Engine 3 | 1 . 2 Core . | . . . Reactor . | . . . Propulsion 7 | 2 1 4 Treads 2 | 1 . 1 Leg . | . . . Wheel 5 | 1 1 3 Hover . | . . . Flight . | . . . Utility 5 | 1 3 1 Device 2 | . 2 . Storage 3 | 1 1 1 Processor . | . . . Hackware . | . . . Protection . | . . . Artifact . | . . . Weapon 6 | 2 . 4 Energy Gun 2 | 1 . 1 Energy Cannon . | . . . Ballistic Gun 3 | 1 . 2 Ballistic Cannon . | . . . Launcher 1 | . . 1 Special Weapon . | . . . Impact Weapon . | . . . Slashing Weapon . | . . . Piercing Weapon . | . . . Special Melee Weapon . | . . . Unidentified Prototypes . | . . . Parts Lost 14 | . 2 12 Power 2 | . . 2 Propulsion 6 | . 1 5 Utility 2 | . 1 1 Weapon 4 | . . 4 Highest Loss Streak 8 | . 2 8 Average Slot Usage (%) 91 | . 96 79 Engine 12 | . 14 10 Treads 11 | . 14 6 Wheel 13 | . 13 12 Device 8 | . 10 4 Storage 15 | . 14 16 Energy Gun 12 | . 14 9 Ballistic Gun 15 | . 14 19 Naked Turns . | . . . Heaviest Build 61 | 11 43 61 Greatest Support 20 | 16 20 20 Greatest Overweight (x) 18 | . 2 18 Average Overweight (x) 1 | . 1 2 Largest Inventory Capacity 18 | 6 14 18 Average Capacity 12 | 5 11 15 Most Carried 11 | 4 11 11 Average Carried 6 | 2 5 8 Final Capacity 18 | 6 12 18 Final Carried 11 | 4 11 5 Class Distribution -------------------- 77% | Mutant 22% | Gunner Dominant Class ---------------- Mutant | -10/Materials Gunner | -9/Materials Resources | -11 -10 -9 ----------- Run | Scr Mat Mat Matter Collected 428 | 174 167 87 Remotely . | . . . Salvage Created 460 | . 193 267 Parts 22 | . 7 15 Haulers Intercepted . | . . . Recyclers Shooed . | . . . Parts Field Recycled . | . . . Retrieved Matter . | . . . Parts Self-Destructed . | . . . Prevented . | . . . Kills | -11 -10 -9 ------- Run | Scr Mat Mat Combat Hostiles Destroyed 11 | . 4 7 Guns 9 | . 4 5 AOE 2 | . . 2 Classes Destroyed 6 | . 4 2 Operator 1 | . 1 . Watcher 1 | . 1 . Swarmer 2 | . . 2 Grunt 2 | . 2 . Sentry 1 | . . 1 Abomination 6 | . 2 4 Best Kill Streak 5 | . 2 5 Combat Bots Only 5 | . 2 5 Max Kills in Single Turn 1 | . 1 1 Gunslinging . | . . . Exploded 1 | . . 1 Melee . | . . . Uniques/NPCs Destroyed . | . . . Combat | -11 -10 -9 -------- Run | Scr Mat Mat Damage Taken 1539 | . 343 1196 Core 238 | . 50 188 Absorbed by Shields . | . . . Core Remaining (%) 90 | 100 80 . Volleys Fired 42 | . 17 25 Largest 3 | . 2 3 Hottest 90 | . 70 90 Shots Fired 94 | . 34 60 Gun 92 | . 34 58 Cannon . | . . . Launcher 2 | . . 2 Special . | . . . Kinetic 58 | . 17 41 Thermal 34 | . 17 17 Explosive 2 | . . 2 Electromagnetic . | . . . Robot Hit Streak 14 | . 10 14 Robot Miss Streak 2 | . 2 2 Penetration Max . | . . . Secondary Targets . | . . . Shots Hit Robots 69 | . 25 44 Core Hits 31 | . 12 19 Critical Hits . | . . . Critical Kills . | . . . Critical Parts Destroyed . | . . . Melee Attacks . | . . . Impact . | . . . Slashing . | . . . Piercing . | . . . Sneak Attacks . | . . . Combat Hostiles . | . . . Follow-up Attacks . | . . . Damage Inflicted 1065 | . 325 740 Guns 927 | . 325 602 Cannons . | . . . Explosions 138 | . . 138 Melee . | . . . Ramming . | . . . Kinetic 511 | . 138 373 Thermal 416 | . 187 229 Explosive 138 | . . 138 Electromagnetic . | . . . Impact . | . . . Slashing . | . . . Piercing . | . . . Highest Corruption 5 | . 3 5 Average Corruption 3 | . 3 3 Corruption Purged . | . . . Effects 3 | . 1 2 Matter Fused 1 | . . 1 Heat Flow Errors 1 | . 1 . Targeting Errors 1 | . . 1 Overload Shots . | . . . Overflow Damage . | . . . Projectiles . | . . . Explosions . | . . . Melee . | . . . Knockbacks . | . . . Impact . | . . . Kinetic . | . . . Secondary . | . . . Self-Inflicted Damage 77 | . . 77 Shots 2 | . . 2 Rammed . | . . . Targets Rammed . | . . . Kicked . | . . . Crushed . | . . . Highest Temperature 124 | . 18 124 Average Temperature 37 | . 8 43 Received Heat Transfer 69 | . 42 27 Siege Activations . | . . . Robots Corrupted . | . . . Combat Hostiles . | . . . Parts Fried 5 | . 5 . Impact Corruptions . | . . . Robots Melted . | . . . Combat Hostiles . | . . . Parts Melted 1 | . . 1 Heat Transferred 718 | . 406 312 Parts Sabotaged . | . . . Parts Stolen . | . . . Parts Stripped . | . . . Power Chain Reactions . | . . . Missiles Intercepted . | . . . Alert | -11 -10 -9 ------- Run | Scr Mat Mat Peak Influence 109 | . 52 109 Average Influence 35 | . 26 62 Maximum Alert Level . | . . . Low Security (%) 100 | . . . Level 1 . | . . . Level 2 . | . . . Level 3 . | . . . Level 4 . | . . . Level 5 . | . . . High Security . | . . . Max Security . | . . . Squads Dispatched 5 | . 5 . Investigation . | . . . Extermination . | . . . Reinforcement 5 | . 5 . Assault . | . . . Garrison . | . . . Intercept . | . . . Construction Impeded . | . . . Haulers Reinforced . | . . . Stealth | -11 -10 -9 --------- Run | Scr Mat Mat Distress Signals 10 | . 5 5 Communications Jammed . | . . . Distress Signals . | . . . Times Spotted 21 | . 10 11 Peak Tracking Total 4 | . 2 4 Tactical Retreats 2 | . 1 1 Traps | -11 -10 -9 ------- Run | Scr Mat Mat Traps Triggered . | . . . Indirectly . | . . . Trap Hack Attempts . | . . . Triggered . | . . . Disarmed . | . . . Reprogrammed . | . . . Reused . | . . . Traps Extracted . | . . . Installed . | . . . Triggered . | . . . Machines | -11 -10 -9 ---------- Run | Scr Mat Mat Machines Disabled 1 | . . 1 Max in Single Turn 1 | . . 1 Machines Sabotaged . | . . . Garrisons Compromised . | . . . Overloaded Fab Kills . | . . . Fab Network Shutdowns . | . . . Hacking | -11 -10 -9 --------- Run | Scr Mat Mat Machines Accessed 2 | . . 2 Terminals 2 | . . 2 Fabricators . | . . . Repair Stations . | . . . Recycling Units . | . . . Scanalyzers . | . . . Garrison Access . | . . . Total Hacks 4 | . . 4 Successful 2 | . . 2 Failed 2 | . . 2 Catastrophic . | . . . Database Lockouts . | . . . Manual 3 | . . 3 Terminals 4 | . . 4 Fabricators . | . . . Repair Stations . | . . . Recycling Units . | . . . Scanalyzers . | . . . Garrison Access . | . . . Terminal Hacks 1 | . . 1 Level Access Points 1 | . . 1 Fabricator Hacks . | . . . Repair Station Hacks . | . . . Recycling Unit Hacks . | . . . Scanalyzer . | . . . Garrison Access Hacks . | . . . Unauthorized Hacks 2 | . . 2 Terminals 1 | . . 1 Botnet 1 | . . 1 Fabricators . | . . . Repair Stations . | . . . Recycling Units . | . . . Scanalyzers . | . . . Garrison Access . | . . . Data Cores Recovered . | . . . Used . | . . . Hacking Detections 1 | . . 1 Full Trace Events . | . . . Feedback Events . | . . . Feedback Blocked . | . . . Robot Schematics Acquired . | . . . Robots Built . | . . . Matter . | . . . Time . | . . . Total Robot Build Rating . | . . . Part Schematics Acquired . | . . . Parts Built . | . . . Matter . | . . . Time . | . . . Total Part Build Rating . | . . . Parts Repaired . | . . . Time . | . . . Parts Recycled . | . . . Recycled Matter . | . . . Retrieved Matter . | . . . Retrieved Components . | . . . Parts Scanalyzed . | . . . Part Schematics Acquired . | . . . Parts Damaged . | . . . Bothacking | -11 -10 -9 ------------ Run | Scr Mat Mat Used RIF Installer . | . . . Robots Hacked . | . . . Non-combat . | . . . Combat . | . . . Robot Hacks Applied . | . . . Relay Couplers Released . | . . . Robots Rewired . | . . . Allies Hacked . | . . . Hacks Repelled . | . . . Allies | -11 -10 -9 -------- Run | Scr Mat Mat Total Allies . | . . . Largest Group . | . . . Highest-Rated Group . | . . . Highest-Rated Ally . | . . . Total Orders . | . . . Ally Attacks . | . . . Total Damage . | . . . Kills . | . . . Allies Corrupted . | . . . Allies Melted . | . . . Intel | -11 -10 -9 ------- Run | Scr Mat Mat Robot Analysis Total . | . . . Derelict Logs Recovered . | . . . Drone Launches . | . . . Drone Recoveries . | . . . Exploration | -11 -10 -9 ------------- Run | Scr Mat Mat Turns Passed 608 | 46 382 180 Spaces Moved 332 | 34 235 63 Core 3 | 2 . 1 Treads 46 | . 46 . Legs . | . . . Wheels 283 | 32 189 62 Hover . | . . . Flight . | . . . Fastest Speed 50 | 50 100 110 Average Speed 126 | 97 128 133 Slowest Speed 950 | 100 180 950 Overloaded Moves . | . . . Propulsion Burnouts . | . . . Robots Hopped . | . . . Cave-ins Triggered . | . . . Exploration Rate (%) 16 | 3 36 11 Regions Visited 2 Branch Regions . Pre-discovered Areas . | . . . Known Exits Taken . | . . . Unknown Exits Taken 2 | 1 1 . Scrap Searched . | . . . Spaces Dug . | . . . Terrain Destroyed 7 | . . 7 Melee . | . . . Projectile . | . . . AOE 7 | . . 7 Actions | -11 -10 -9 --------- Run | Scr Mat Mat Total 434 | 43 280 111 Wait 21 | . 14 7 Move 330 | 33 234 63 Hop . | . . . Pick Up 17 | 4 9 4 Fast Attach 10 | 6 2 2 Attach 11 | . 2 9 Detach 1 | . 1 . Swap . | . . . Drop 2 | . 1 1 Fire 42 | . 17 25 Melee . | . . . Ram . | . . . Kick . | . . . Crush . | . . . Escape Stasis . | . . . Rewire . | . . . Trap . | . . . Miscellaneous . | . . . Route ------- -11/Scrapyard -10/Materials -9/Materials (discovered 3 exits: Mat x3) History --------- Turn | Location | Event 28 | -11/Scrapyard | Discovered new exit (range 12) 47 | -11/Scrapyard | Entered Materials 301 | -10/Materials | Build established: Mutant 368 | -10/Materials | Discovered new exit (range 16) 429 | -10/Materials | Entered another Materials area 429 | -9/Materials | Evolved 2 slots: Utility x1, Weapon x1 445 | -9/Materials | Identified exit to Materials 555 | -9/Materials | Lost 4 parts (1p2n1u) 609 | -9/Materials | Self-destructed Last Messages --------------- 00593_ Assault Rifle destroyed. 00596_ 45 Matter blinks away. 00596_ 47 Matter blinks away. 00596_ Lesser Abomination destroyed. 00596_ Atomic Centrifuge disabled. 00597_ Minor Abomination spits out Lgt. EM Pulse Cannon. 00597_ Minor Abomination absorbs Lgt. EM Pulse Cannon. 00597_ T-07 Excavator is excavating. 00598_ Minor Abomination spits out Lrn. Tractor Beam. 00598_ Minor Abomination absorbs Lrn. Tractor Beam. 00598_ Minor Abomination destroyed. 00600_ Sundering Anomaly forced to warp away. 00601_ Hrd. Light Armor Plating blinks away. 00601_ 5 Matter blinks away. 00606_ Rocket Launcher destroyed. 00607_ Hit by a wave of energy. 00607_ 22 Matter blinks away. 00608_ 10 Matter blinks away. 00609_ Flight Unit blinks away. 00609_ 27 Matter blinks away. Map ----- +----------------------------------------------------+ | | | ??????????????????????????????????????????????? | | ??????????????????????????????????????????????? | | ??????????????????????????????????????????????? | | ??????????????????????????????????????????????? | | ??????????????????????????????????????????????? | | ??????????????????????????????????????????????? | | ??????????????????????????????????????????????? | | ??????????????????????????????????????????????? | | ????????????????????????##????????????????????? | | ???????????????????????# ????????????????????? | | ???????????????????????+ #???????????????????? | | ???????????????????????# #???????????????????? | | ???????????????????????# A#???????????????????? | | ???????????????????????# ##????????########### | | ???????????????????????+ ???????? | | ???????????????????????# %%???????? | | ?????????????#?????????# #?###???????######### | | ?????????????? ????????# ### #####???????????# | | ?????????????# ######## # #######?????# | | ???????????????? % # """ # ####### | | ????????????????? """"" # | | ?????????????###### """"" + T | | ?????????????# = """"" # | | ?????????????# ] % """ %% ## | | ?????????????# @% n ;;;;#### | | ?????????????# #??????# " | | ?????????????# """ " #??????# " | | ?????????????# """ """ # ] #??????# " | | ?????????????? """ """ ; # #??????+ | | ??????????????? % % ;########??????# | | ??????????????;;;;;;;;;;% ;#?????????????####+# | | ?????????????# ; ; ; ;#??????????????????? | | ????????????? ; ; ### ; ;#??????????????????? | | ????????????#;; ; ??? ;n ;#??????????????????? | | ???????????? ?? ??? ; ;#??????????????????? | | ?????????????????????? ; ;#??????????????????? | | ??????????????????????;; ;#??????????????????? | | ?????????????????????? ; ;%??????????????????? | | ?????????????????????? ; ; ??????????????????? | | ?????????????????????? ; ????????????????????? | | ??????????????????????????????????????????????? | | ??????????????????????????????????????????????? | | ??????????????????????????????????????????????? | | ??????????????????????????????????????????????? | | ??????????????????????????????????????????????? | | ??????????????????????????????????????????????? | | ??????????????????????????????????????????????? | | ??????????????????????????????????????????????? | | ??????????????????????????????????????????????? | +----------------------------------------------------+ Best States ------------- Heat Dissipation 38 Energy Generation 12 Energy Capacity 265 Matter Stores 300 Matter Capacity 300 Sight Range 16 Terrain Scan Density 10 Evasion (%) 40 Recoil Reduction 1 Item Schematics ----------------- None Robot Schematics ------------------ None Fabricated ------------ Nothing Alien Tech Used ----------------- None Achievements -------------- None Challenges ------------ None Game ------ Seed ShrapnelMiningEdition Manual? 0 Play Time 00:10:39 Cumulative 272.9 hours Start 2019.10.31 @ 14:49:11 End 2019.10.31 @ 15:00:08 Sessions 1 Manual Loads 0 Difficulty Rogue Special Mode Halloween2019/Abominations Game No. 149 Rogue 149 Adventurer 0 Explorer 0 Win Type - Total 4 Types 4/0/0/0/0/0/0 Lore% 69 Gallery% 76 Achievement% 53 Wizard Run 0 Options --------- ASCII 1 Keyboard 1 Movement Numpad Keybinds 1 Fullscreen 1 Font 18/SmallcapsGlow Map View 76x50 Tactical HUD 1 Map Filters NONE Filters NONE Steam 1 RUN: ff416697-4014-49c6-9adb-c4403197d415